 Dungeon Sprint DCSS version 0.30-a0-118-ga018f8e90f (webtiles) character file.

Game seed: 8154316511209692724

10 fingers the Covert (level 2, -4/15 HPs)
             Began as a Spriggan Brigand on Sept 13, 2022.
             Killed from afar by an oklob sapling (19 damage)
             ... with a splash of acid
             ... in the Dungeon (Sprint IV: "Fedhas' Mad Dash").
             The game lasted 00:00:11 (250 turns).

fingers the Covert (Spriggan Brigand)                Turns: 250, Time: 00:00:12

Health: -4/15      AC:  3    Str:  7    XL:     2   Next: 10%
Magic:  3/3        EV: 16    Int: 12    God:
Gold:   5          SH:  0    Dex: 16    Spells: 1/1 levels left

rFire   . . .      SeeInvis +    a - +2 dagger
rCold   . . .      Faith    .    (no shield)
rNeg    . . .      Spirit   .    b - +0 robe
rPois   .          Reflect  .    (helmet restricted)
rElec   .          Harm     .    c - +0 cloak
rCorr   .          Rampage  .    (gloves unavailable)
Will    .....      NoTele   +    (boots unavailable)
Stlth   ++++......               (no amulet)
HPRegen 0.05/turn                (no ring)
MPRegen 0.08/turn                (no ring)

@: very quick
A: very small, no large weapons, unfitting armour, see invisible, speed 3
a: no special abilities


You were in the Dungeon.
You visited 1 branch You collected 5 gold pieces.

Inventory:

Hand Weapons
 a - a +2 dagger (weapon)
Missiles
 d - 9 poisoned darts (quivered)
 e - 3 curare-tipped darts
Armour
 b - a +0 robe (worn)
 c - a +0 cloak (worn)
Scrolls
 k - a scroll of blinking
Potions
 f - a potion of curing
 g - a potion of heal wounds
 h - a potion of haste
 i - 2 potions of magic
 j - a potion of berserk rage


   Skills:
 + Level 1.9 Fighting
 + Level 2.5 Short Blades
 + Level 2.3 Throwing
 + Level 1.6 Dodging
 + Level 8.2 Stealth


You had one spell level left.
You didn't know any spells.
Your spell library was empty.

Dungeon Overview and Level Annotations

Branches:
Dungeon (1/1)

Altars:


Innate Abilities, Weirdness & Mutations

You are very small and have problems with some larger weapons.
You are too small for most types of armour.
You have supernaturally acute eyesight. (SInv)
You cover ground extremely quickly. (Speed+++)


Message History

The rat bites you but does no damage. The river rat barely misses you.
You hit the river rat.
The river rat is moderately wounded.
The rat closely misses you. The river rat barely misses you.
You hit the river rat. You punch the river rat.
The river rat is severely wounded.
The rat bites you.
The river rat bites you but does no damage.
You hit the river rat but do no damage.
The river rat is severely wounded.
The rat barely misses you. The river rat bites you!
Ouch! That really hurt!
* * * LOW HITPOINT WARNING * * *
You closely miss the river rat.
The river rat is severely wounded.
The river rat misses you. The rat misses you.
You hit the river rat.
You kill the river rat!
The rat misses you.
Your Stealth skill gained 3 levels and is now at level 8!
You have reached level 2!
You hit the rat.
The rat is severely wounded.
The rat completely misses you.
You completely miss the rat.
The rat is severely wounded.
You barely miss the rat.
The rat is severely wounded.
The rat bites you but does no damage.
You hit the rat.
You kill the rat!
You start resting.
HP restored.
You now have 5 gold pieces.
You open the door.
An oklob sapling comes into view.
The oklob sapling spits acid at you. The splash of acid hits you!!
Ouch! That really hurt!
You die...

############ #####
#<..P#.....#.$$$$#
#PP..'....@'.#
#PPPP#.....#P#
############ #


You could see an oklob sapling.

Vanquished Creatures
  A river rat (D)
  A rat (D)
2 creatures vanquished.

Notes
Turn   | Place    | Note
-------+----------+-------------------------------------------
     0 | D        | fingers the Spriggan Brigand began the quest for the Orb.
     0 | D        | Reached XP level 1. HP: 10/10 MP: 2/2
    15 | D        | Reached skill level 8 in Stealth
    15 | D        | Reached XP level 2. HP: 3/15 MP: 3/3
   250 | D        | Noticed an oklob sapling
   250 | D        | Killed from afar by an oklob sapling

Illustrated notes

Levels and vault maps discovered:
D:        dungeon_sprint_fedhas [sprint_temple]

Skill      XL: |  1 |
---------------+----+-----
Stealth        | 8 |  8.2
Fighting       | |  1.9
Short Blades   | |  2.5
Throwing       | |  2.3
Dodging        | |  1.6

Action                   || total
-------------------------++-------
Melee: Dagger            ||    12
       Punch             ||     1
Armor: Robe              ||     4
Dodge: Dodged            ||     9

Table legend: (Time is in decaauts)
 A = Elapsed time spent in this place.
 B = Non-inter-level travel time spent in this place.
 C = Inter-level travel time spent in this place.
 D = Time resting spent in this place.
 E = Time spent auto-exploring this place.
 F = Levels seen in this place.
 G = Mean time per level.
                   A        B        C        D        E       F      G
               +--------+--------+--------+--------+--------+-----+--------+
         Total |    244 |    244 |      0 |    226 |      0 |   1 |  244.0 |
       Dungeon |    244 |    244 |      0 |    226 |      0 |   1 |  244.0 |
               +--------+--------+--------+--------+--------+-----+--------+

Top non-repeatable levels by time:
       D: 244 daAuts
